 Dungeon Crawl Stone Soup version 0.23-a0-445-g768d57b80b (webtiles) character file.

75 Esekla the Thaumaturge (level 4, 0/32 HPs)
             Began as a Gnoll Wanderer on Nov 17, 2018.
             Slain by a quokka (3 damage)
             ... on level 3 of the Dungeon.
             The game lasted 00:14:32 (1304 turns).

Esekla the Thaumaturge (Gnoll Wanderer)             Turns: 1304, Time: 00:14:33

Health: 0/32       AC:  2    Str: 12    XL:     4   Next: 31%
Magic:  14/15      EV: 12    Int: 19    God:
Gold:   82         SH:  3    Dex: 13    Spells: 15/21 levels left

rFire    . . .     SeeInvis .   a - +0 short sword
rCold    . . .     Gourm    .   (no shield)
rNeg     . . .     Faith    .   d - +0 robe
rPois    .         Spirit   .   (no helmet)
rElec    .         Reflect  +   (no cloak)
rCorr    .         Harm     .   (no gloves)
MR       .....                  (no boots)
Stlth    ++........             h - +3 amulet of reflection
HPRegen  0.10/turn              (no ring)
MPRegen  0.14/turn              (no ring)

@: no status effects
A: distributed training, fangs 1, strong nose
a: no special abilities


You were on level 3 of the Dungeon.
You were not hungry.

You visited 1 branch of the dungeon, and saw 3 of its levels.

You collected 82 gold pieces.

Inventory:

Hand Weapons
 a - a +0 short sword (weapon)
 e - a +0 club
 o - a +0 long sword
 q - a +0 battleaxe
Armour
 d - a +0 robe (worn)
Jewellery
 h - a +3 amulet of reflection (around neck)
Scrolls
 b - a scroll of immolation {unknown}
 i - a scroll of fear
 j - 2 scrolls of identify {unknown}
 l - a scroll of magic mapping {unknown}
 m - 2 scrolls of remove curse {unknown}
 n - a scroll of teleportation {unknown}
Potions
 c - 3 potions of curing
 g - a potion of ambrosia {unknown}
 k - 3 potions of lignification {unknown}
 p - a potion of brilliance {unknown}
 r - a potion of invisibility {unknown}
Comestibles
 f - 4 rations


   Skills:
 + Level 1.1 Fighting
 + Level 1.1 Short Blades
 + Level 1.1 Long Blades
 + Level 1.1 Axes
 + Level 1.1 Maces & Flails
 + Level 1.1 Polearms
 + Level 1.1 Staves
 + Level 1.1 Slings
 + Level 1.1 Bows
 + Level 1.1 Crossbows
 + Level 2.7 Throwing
 + Level 1.1 Armour
 + Level 1.1 Dodging
 + Level 1.1 Stealth
 + Level 2.7 Shields
 + Level 1.1 Unarmed Combat
 + Level 9.3 Spellcasting
 + Level 3.8 Conjurations
 + Level 0.8 Hexes
 + Level 0.8 Charms
 + Level 0.8 Summonings
 + Level 0.8 Necromancy
 + Level 0.8 Translocations
 + Level 0.8 Transmutations
 + Level 0.8 Fire Magic
 + Level 3.8 Ice Magic
 + Level 0.8 Air Magic
 + Level 0.8 Earth Magic
 + Level 0.8 Poison Magic
 + Level 1.2 Invocations
 + Level 1.1 Evocations


You had 15 spell levels left.
You knew the following spells:

 Your Spells              Type           Power        Failure   Level  Hunger
a - Magic Dart            Conj           ###.         1%          1    None
b - Blink                 Tloc           N/A          9%          2    None
c - Mephitic Cloud        Conj/Pois/Air  ###.....     11%         3    None

Your spell library contained the following spells:

 Spells                   Type           Power        Failure   Level  Hunger
 Sting                    Conj/Pois      ###.         3%          1    None
 Call Imp                 Summ           ##......     9%          2    None
 Slow                     Hex            ##......     9%          2    None
 Conjure Flame            Conj/Fire      ###.....     9%          3    None


Dungeon Overview and Level Annotations

Branches:
Dungeon (3/15)

Altars:
Okawaru


Innate Abilities, Weirdness & Mutations

Your experience applies equally to all skills.
You have very sharp teeth.
Your uncanny sense of smell can sniff out nearby items.


Message History

You closely miss the quokka. You block the quokka's attack.
Casting: Magic Dart (safe; 1% risk of failure)
Confirm with . or Enter, or press ? or * to list all spells.
Aiming: Magic Dart (safe; 1% risk of failure)
Press: ? - help, Shift-Dir - straight line, f - ball python
Aim: a ball python The magic dart hits the ball python.
You kill the ball python!
The quokka bites you but does no damage.
The quokka bites you.
* * * LOW HITPOINT WARNING * * *
You barely miss the quokka.
The quokka bites you but does no damage.
You hit the quokka.
The quokka is moderately wounded.
You block the quokka's attack.
You barely miss the quokka.
The quokka is moderately wounded.
The quokka bites you.
You die...

..r..#.#.#.#.#.#.#.#........#
#..........................#
#..#.#.#.#.#.#.#.........#
#.....†................+
#.#.#.#.#.#.#..........#
##...........#.........#
#...........#............
#...........#####.........
#.......r@................
#..........####.####......
#..........# ......
####.......# ∆ #.......#
#......... #.......#. ∆
#.......#..


You could see a quokka.

Vanquished Creatures
  An adder (D:3)
  An ooze (D:1)
  3 leopard geckos
  An orc (D:3)
  A ball python (D:3)
  3 giant cockroaches (D:2)
  11 goblins
  5 hobgoblins
  6 jackals (D:1)
  5 kobolds
  A quokka (D:2)
  5 bats
  2 frilled lizards (D:1)
  5 rats
50 creatures vanquished.

Notes
Turn   | Place    | Note
-------+----------+-------------------------------------------
     0 | D:1      | Reached skill level 9 in Spellcasting
     0 | D:1      | Esekla the Gnoll Wanderer began the quest for the Orb.
     0 | D:1      | Esekla set off with the following items: a potion of
                  | curing, a +0 robe, a +0 club, a ration; and the following
                  | spells available to memorise: Magic Dart, Sting, Conjure
                  | Flame, Blink, Call Imp, Slow, Mephitic Cloud
     0 | D:1      | Reached XP level 1. HP: 13/13 MP: 10/10
     2 | D:1      | Learned a level 1 spell: Magic Dart
    90 | D:1      | Reached XP level 2. HP: 20/20 MP: 6/12
   128 | D:1      | Learned a level 2 spell: Blink
   173 | D:2      | Found an iron altar of Okawaru.
   306 | D:1      | Reached XP level 3. HP: 19/25 MP: 9/13
   957 | D:2      | Reached skill level 1 in Invocations
  1048 | D:2      | Reached skill level 1 in Fighting
  1048 | D:2      | Reached skill level 1 in Short Blades
  1048 | D:2      | Reached skill level 1 in Long Blades
  1048 | D:2      | Reached skill level 1 in Axes
  1048 | D:2      | Reached skill level 1 in Maces & Flails
  1048 | D:2      | Reached skill level 1 in Polearms
  1048 | D:2      | Reached skill level 1 in Staves
  1048 | D:2      | Reached skill level 1 in Slings
  1048 | D:2      | Reached skill level 1 in Bows
  1048 | D:2      | Reached skill level 1 in Crossbows
  1048 | D:2      | Reached skill level 1 in Armour
  1048 | D:2      | Reached skill level 1 in Dodging
  1048 | D:2      | Reached skill level 1 in Stealth
  1048 | D:2      | Reached skill level 1 in Unarmed Combat
  1048 | D:2      | Reached skill level 1 in Evocations
  1146 | D:3      | Reached XP level 4. HP: 24/32 MP: 10/15
  1283 | D:3      | Learned a level 3 spell: Mephitic Cloud
  1304 | D:3      | Slain by a quokka

Vault maps used:
D:1:      dpeg_arrival_tiny_h, minmay_hedge_maze
D:2:      kennysheep_okawaru_gauntlet
D:3:      nicolae_overflow_crystal_walls, old_standard_altar,
          cheibrodos_sewer_entry_drain, hex_large

Skill      XL: |  1  2  3 |
---------------+----------+-----
Spellcasting   | |  9.3
Invocations    | 1 |  1.2
Fighting       | 1 |  1.1
Short Blades   | 1 |  1.1
Long Blades    | 1 |  1.1
Axes           | 1 |  1.1
Maces & Flails | 1 |  1.1
Polearms       | 1 |  1.1
Staves         | 1 |  1.1
Slings         | 1 |  1.1
Bows           | 1 |  1.1
Crossbows      | 1 |  1.1
Armour         | 1 |  1.1
Dodging        | 1 |  1.1
Stealth        | 1 |  1.1
Unarmed Combat | 1 |  1.1
Evocations     | 1 |  1.1
Throwing       | |  2.7
Shields        | |  2.7
Conjurations   | |  3.8
Hexes          | |  0.8
Charms         | |  0.8
Summonings     | |  0.8
Necromancy     | |  0.8
Translocations | |  0.8
Transmutations | |  0.8
Fire Magic     | |  0.8
Ice Magic      | |  3.8
Air Magic      | |  0.8
Earth Magic    | |  0.8
Poison Magic   | |  0.8

Action                   |  1- 3 |  4- 6 || total
-------------------------+-------+-------++-------
Melee: Short sword       |    48 |    17 ||    65
       Bite              |     1 |     1 ||     2
       Punch             |       |     1 ||     1
 Cast: Magic Dart        |    45 |    14 ||    59
  Use: Scroll            |       |     1 ||     1
 Stab: Sleeping          |     3 |       ||     3
  Eat: Ration            |     1 |       ||     1
Armor: Robe              |     9 |     3 ||    12
Dodge: Dodged            |    28 |    11 ||    39
Block: Other             |     5 |     2 ||     7

Table legend:
 A = Non-vault XP
 B = Vault XP
 C = Vault XP percentage of total XP
 D = Non-vault monster count
 E = Vault monster count
 F = Vault count percentage of total count
                 A         B        C        D         E       F
            +---------+---------+-------+---------+---------+-------
      Total |     105 |       3 |   2.8 |      48 |       2 |   4.0
            +---------+---------+-------+---------+---------+-------
        D:1 |      49 |       0 |   0.0 |      26 |       0 |   0.0
        D:2 |      29 |       3 |   9.4 |      15 |       2 |  11.8
        D:3 |      27 |       0 |   0.0 |       7 |       0 |   0.0
            +---------+---------+-------+---------+---------+-------
